 Dungeon Crawl Stone Soup version 0.31-a0-460-g9e667d4245 (webtiles) character file.

Game seed: 13011408870118736729

182 Ofeo the Ruffian (level 5, -11/49 HPs)
             Began as a Troll Shapeshifter on Aug 4, 2023.
             Mangled by a gnoll sergeant
             ... wielding a +4 spear of venom
              (12 damage)
             ... on level 3 of the Dungeon.
             The game lasted 00:01:58 (2495 turns).

Ofeo the Ruffian (Troll Shapeshifter)               Turns: 2495, Time: 00:01:59

Health: -11/49     AC:  4    Str: 25    XL:     5   Next: 34%
Magic:  4/4        EV: 10    Int:  4    God:
Gold:   130        SH:  0    Dex: 10    Spells: 4/4 levels left

rFire   . .          .
                       - Unarmed
rCold   . . .        (no shield)
rNeg    . . .        a - +0 animal skin
rPois   .            (helmet currently unavailable)
rElec   .            (cloak currently unavailable)
rCorr   .            (gloves unavailable)
SInv    .            (boots unavailable)
Will    .....        (no amulet)
Stlth   +            (no ring)
HPRegen 1.08/turn    (no ring)
MPRegen 0.09/turn

%: no passive effects
@: lethally poisoned (-11 -> -35), beast-form
A: beast (slay +2), large, unfitting armour, claws 3, regeneration 1, shaggy fur
1, tough skin 1
a: Begin Untransformation


You were on level 3 of the Dungeon.
You were a hulking beast.
You visited 1 branch of the dungeon, and saw 3 of its levels.

You collected 130 gold pieces.

Inventory:

Missiles
 j - 2 curare-tipped darts
 k - 6 poisoned darts (quivered)
Armour
 a - a +0 animal skin (worn)
 e - a +1 hat
Jewellery
 f - a ring of protection from cold
Talismans
 c - a beast talisman (active)
Scrolls
 d - a scroll of revelation {unknown}
 i - a scroll of identify {@r1}
Potions
 b - a potion of lignification
 g - a potion of ambrosia {unknown}
 h - 3 potions of heal wounds {@q2}
 q - a potion of curing {@q1}


   Skills:
 + Level 2.0 Fighting
 + Level 1.3 Throwing
 + Level 2.5 Dodging
 + Level 3.9 Unarmed Combat
 + Level 3.6 Shapeshifting


You had 4 spell levels left.
You didn't know any spells.
Your spell library contained the following spells:

 Spells                   Type           Power      Damage    Failure   Level
 Simulacrum               Ice/Necr       0%         N/A       100%        6
 Ozocubu's Refrigeration  Ice            0%         4d7       100%        7
 Polar Vortex             Ice            0%         N/A       100%        9


Dungeon Overview and Level Annotations

Branches:
Dungeon (3/15)

Altars:
Ru
Uskayaw
Zin


Innate Abilities, Weirdness & Mutations

You are a hulking beast.
Your limbs bulge with bestial killing power. (Slay +2)
You are too large for most types of armour.
You have claws for hands.
Your natural rate of healing is unusually fast.
You are covered in fur. (AC +1)
You have tough skin. (AC +1)


Message History

You feel very sick. The orc hits you with a +0 dagger.
The gnoll sergeant hits you from afar with a +4 spear of venom!
You are lethally poisoned!
You take 17 damage, and have 22/49 hp.
MASSIVE DAMAGE!!
You are too injured to fight recklessly!
You are too injured to fight recklessly!
You are too injured to fight recklessly!
You are too injured to fight recklessly!
You are too injured to fight recklessly!
You are too injured to fight recklessly!
You are too injured to fight recklessly!
You are too injured to fight recklessly!
You are too injured to fight recklessly!
You are too injured to fight recklessly!
You are too injured to fight recklessly!
You are too injured to fight recklessly!
It was a potion of heal wounds.
You feel much better.
h - 3 potions of heal wounds;
f - a ring of protection from cold You feel extremely sick.
The orc hits you but does no damage. The gnoll sergeant closely misses you.
You regained 19 hp, and now have 41/49 hp.
You closely miss the orc.
The orc is heavily wounded.
You feel very sick. The orc hits you but does no damage.
The gnoll sergeant hits you from afar with a +4 spear of venom!
You are more poisoned.
You take 17 damage, and have 24/49 hp.
MASSIVE DAMAGE!!
You claw the orc!
You kill the orc!
You feel very sick.
The gnoll sergeant hits you from afar with a +4 spear of venom!
* * * LOW HITPOINT WARNING * * *
You are more poisoned.
You take 14 damage, and have 10/49 hp.
MASSIVE DAMAGE!!
* * * LOW HITPOINT WARNING * * *
You feel extremely sick.
The gnoll sergeant hits you with a +4 spear of venom!
You die...

...#######..#..#'###≈~P...#
...'.....'..'..#)# ≈≈~....#
...#######..#).#)# ≈≈≈....#
++###########'##)#
........o....'.#
......ogg.o..'o#
.......)######g# ........#
#g# ######### #h# #)###
#)).# #...# ##### ≈≈ ~≈≈
.... .....


You could see a gnoll sergeant, a gnoll and an orc.

Vanquished Creatures
  2 adders (D:2)
  8 gnolls (D:3)
  A worm (D:2)
  A dart slug (D:1)
  10 orcs (D:3)
  3 endoplasms
  2 giant cockroaches (D:1)
  3 goblins
  3 hobgoblins
  14 jackals
  8 kobolds
  A quokka (D:2)
  3 ball pythons
  2 bats (D:1)
  6 frilled lizards
  8 rats
75 creatures vanquished.

Notes
Turn   | Place    | Note
-------+----------+-------------------------------------------
     0 | D:1      | Ofeo the Troll Shapeshifter began the quest for the Orb.
     0 | D:1      | Reached XP level 1. HP: 18/18 MP: 0/0
   141 | D:1      | Reached skill level 1 in Fighting
   146 | D:1      | Reached XP level 2. HP: 23/27 MP: 1/1
   726 | D:1      | Reached XP level 3. HP: 33/33 MP: 2/2
  1513 | D:2      | Reached XP level 4. HP: 41/41 MP: 3/3
  1967 | D:3      | Found a sacrificial altar of Ru.
  2073 | D:3      | Found a hide-covered altar of Uskayaw.
  2182 | D:3      | Found a glowing silver altar of Zin.
  2278 | D:3      | Reached skill level 1 in Throwing
  2295 | D:3      | Reached XP level 5. HP: 6/49 MP: 4/4
  2495 | D:3      | HP: 1/49 [poisoned by a gnoll sergeant]
  2495 | D:3      | Mangled by a gnoll sergeant

Illustrated notes

Levels and vault maps discovered:
D:1:      eino_arrival_cavern_e, layout_basic, hangedman_feature_mirror,
          grunt_decor_arrowhead, lexackson_kobold_supper
D:2:      layout_loops_ring
D:3:      lemuel_castle_with_subvaults [lemuel_castle_interior_original],
          layout_basic, zin_academy, nicolae_uskayaw_suspiria, lemuel_tele_altar

Skill      XL: |  1  2  3  4  5 |
---------------+----------------+-----
Fighting       | 1 2 |  2.0
Dodging        | 2 |  2.5
Throwing       | 1 |  1.3
Unarmed Combat | |  3.9
Shapeshifting  | |  3.6

Action                     |  1- 3 |  4- 6 || total
---------------------------+-------+-------++-------
  Melee: Unarmed           |    97 |    71 ||   168
         Punch             |     1 |     5 ||     6
    Use: Scroll            |       |     4 ||     4
         Potion            |       |     1 ||     1
 Armour: Animal skin       |    27 |    16 ||    43
  Dodge: Dodged            |    46 |    47 ||    93

Table legend: (Time is in decaauts)
 A = Elapsed time spent in this place.
 B = Non-inter-level travel time spent in this place.
 C = Inter-level travel time spent in this place.
 D = Time resting spent in this place.
 E = Time spent auto-exploring this place.
 F = Levels seen in this place.
 G = Mean time per level.
                   A        B        C        D        E       F      G
               +--------+--------+--------+--------+--------+-----+--------+
         Total |   2484 |   2366 |    118 |    232 |   1775 |   3 |  828.0 |
       Dungeon |   2484 |   2366 |    118 |    232 |   1775 |   3 |  828.0 |
               +--------+--------+--------+--------+--------+-----+--------+

Top non-repeatable levels by time:
     D:1: 848 daAuts
     D:2: 824 daAuts
     D:3: 811 daAuts
